 Dungeon Crawl Stone Soup version 0.16.1-2-g95b8d4c (webtiles) character file.

73 MDvedh the Ruffian (level 4, -2/38 HPs)
             Began as a Ghoul Monk on Mar 24, 2015.
             Killed from afar by an orc wizard (5 damage)
             ... with a puff of flame
             ... on level 3 of the Dungeon.
             The game lasted 00:03:39 (1328 turns).

MDvedh the Ruffian (Ghoul Monk)                     Turns: 1328, Time: 00:03:39

Health: -2/38      AC:  2    Str: 15    XL:     4   Next: 27%
Magic:  3/3        EV: 12    Int:  5    God:
Gold:   107        SH:  0    Dex: 11    Spells: 0 memorised, 3 levels left

rFire  . . .     SeeInvis .       - Unarmed
rCold  + . .     Clarity  .     a - +0 robe
rNeg   + + +     SustAb   .     (no shield)
rPois  ∞         Gourm    .     (no helmet)
rElec  .         Spirit   .     (no cloak)
rCorr  .         Warding  .     (no gloves)
rMut   .         Stasis   .     (no boots)
MR     .....                    (no amulet)
Stlth  ++........               (no ring)
                                (no ring)

@: rotting, not resistant to hostile enchantments, unstealthy
A: rotting body, claws 1, carnivore 3, cold resistance 1, negative energy
resistance 3, poison resistance, slow healing 1, torment resistance, unbreathing
a: no special abilities


You were on level 3 of the Dungeon.
You were not hungry.

You visited 1 branch of the dungeon, and saw 3 of its levels.

You collected 107 gold pieces.

Inventory:

Armour
 a - a +0 robe (worn)
Scrolls
 e - 2 scrolls of identify {unknown}
 f - 2 scrolls of immolation {unknown}
 j - a scroll of recharging {unknown}
 k - 3 scrolls of enchant armour {unknown}
 l - a scroll of fear {unknown}
 m - a scroll of amnesia {unknown}
 o - a scroll of teleportation {unknown}
Potions
 b - a potion of heal wounds {unknown}
 c - a potion of might {unknown}
 h - a potion of curing {unknown}
 i - a potion of agility {unknown}
 n - a potion of restore abilities {unknown}
 p - a potion of degeneration {unknown}
Comestibles
 d - a beef jerky
 g - 4 meat rations


   Skills:
 - Level 3.2 Fighting
 - Level 2.6 Dodging
 - Level 2.1 Stealth
 + Level 6.2 Unarmed Combat


You had 3 spell levels left.
You didn't know any spells.

Dungeon Overview and Level Annotations

Branches:
Dungeon (3/15)

Altars:
Trog


Innate Abilities, Weirdness & Mutations

Your body is rotting away.
You thrive on raw meat.
You have sharp fingernails.
You are carnivorous and can eat meat at any time.
Your flesh is cold resistant.
You are immune to negative energy.
Your system is resistant to poisons.
You heal slowly when monsters are visible.
You are immune to unholy pain and torment.
You can survive without breathing.


Message History

Unknown command.
Unknown command.
The orc wizard gestures wildly while chanting.
The orc wizard seems to speed up.
There is a fountain of clear blue water here.
Unknown command.
Unknown command.
There is an open door here.
Unknown command.
The orc wizard mumbles some strange words.
The orc wizard flickers and vanishes!
Deactivating autopickup; reactivate with Ctrl-A.
The orc hits you.
* * * LOW HITPOINT WARNING * * *
Unknown command.
There is a stone staircase leading down here.
There is a stone staircase leading up here.
You hear some strange, mumbled words.
The puff of flame hits you!
You die...

...####.#
###.##..og...
#.######.# #.##...###.
... ....###
#.##...###. # .....#
#.##.......
#..#.####[##g..###.
#..#.#.o...o...####
#..#.#.#.#####.....
#..####......#.#
#.#.##
#.......@.{..#.#
#.##..
##.####.....##.#
#.#.##
####..#.###.#####..###
#.....................
#.#########.##.#######
# #.##.###...#
#...........
#######.#>.. #.###.


You could see an orc.

Vanquished Creatures
  Ijyb (D:2)
  2 adders
  A giant gecko (D:1)
  2 oozes
  4 giant cockroaches
  3 goblins (D:1)
  2 hobgoblins
  A ball python (D:1)
  8 bats
  A giant newt (D:1)
  9 kobolds
  5 rats
39 creatures vanquished.

Notes
Turn   | Place    | Note
--------------------------------------------------------------
     0 | D:1      | MDvedh, the Ghoul Monk, began the quest for the Orb.
     0 | D:1      | Reached XP level 1. HP: 19/19 MP: 1/1
   317 | D:1      | Reached XP level 2. HP: 24/26 MP: 2/2
   356 | D:1      | Reached skill level 5 in Unarmed Combat
   613 | D:2      | Reached XP level 3. HP: 31/31 MP: 3/3
   716 | D:2      | Noticed Ijyb
   730 | D:2      | Killed Ijyb
   835 | D:2      | Reached skill level 6 in Unarmed Combat
   835 | D:2      | Reached XP level 4. HP: 25/38 MP: 3/3
  1260 | D:3      | Found a bloodstained altar of Trog.
  1301 | D:3      | HP: 1/38 [orc (2)]
  1328 | D:3      | Killed from afar by an orc wizard

Action                   |  1- 3 |  4- 6 || total
-------------------------+-------+-------++-------
Melee: Unarmed           |    82 |    21 ||   103
 Stab: Sleeping          |     3 |     1 ||     4
  Eat: Chunk             |     3 |     3 ||     6
